Map: Ice and Chrome LE

Players

Subang

  • Race: Zerg Zerg
  • League: Diamond
  • Spawn Location: 7:00

A.I. 1 (Elite) - Winner!

  • Race: Zerg Zerg
  • Spawn Location: 1:00

VOD

Have the link to the VOD?

Description

Time

  • Played on: July 22, 2020, 5:14 a.m.
  • Length: 4:45
Show
View Real Time Build Order
Export as new Build Order

Subang Zerg 

Build Orders: Hatch First 

Get SALT Encoding   

  12  0:00  Drone  
  13  0:12  Overlord  
  13  0:16  Drone  
  14  0:31  Drone x2  
  16  0:51  Drone  
  16  0:52  Hatchery  
  16  0:55  Drone  
  17  0:59  Drone  
  18  1:09  Extractor  
  17  1:15  Spawning Pool  
  16  1:18  Drone  
  16  1:22  Drone  
  18  1:28  Drone  
  19  1:39  Drone  
  20  1:50  Overlord  
  20  2:03  Queen  
  20  2:04  Drone  
  20  2:05  Queen, Zergling x2  
  26  2:11  Drone  
  26  2:14  Drone  
  28  2:22  Drone  
  29  2:25  Drone  
  30  2:32  Overlord  
  30  2:38  Drone  
  30  2:40  Lair  
  30  2:42  Queen  
  34  2:44  Drone  
  34  2:48  Drone  
  35  2:55  Evolution Chamber  
  35  2:58  Roach Warren  
  33  3:00  Drone  
  33  3:02  Drone  
  35  3:06  Drone  
  35  3:08  Drone  
  35  3:11  Drone  
  38  3:14  Drone x2  
  38  3:17  Drone  
  38  3:18  Drone  
  42  3:31  Overlord  
  42  3:32  Drone  
  42  3:33  Evolution Chamber  
  42  3:34  Drone  
  43  3:36  Drone  
  44  3:42  Extractor  
  44  3:46  Drone  
  44  3:50  Drone x2  
  44  3:51  Drone x2  
  44  3:54  Drone  
  49  3:56  Drone  
  49  3:57  Extractor  
  49  4:05  Roach  
  50  4:13  Roach  
  50  4:14  Overlord x2  
  47  4:18  Roach  
  47  4:19  Roach, Overlord x2  
  48  4:26  Roach x2  
Show
View Real Time Build Order
Export as new Build Order

A.I. 1 (Elite) Zerg - Winner!

Build Orders: Pool First 

Get SALT Encoding   

  12  0:00  Drone  
  13  0:12  Overlord  
  13  0:16  Drone  
  14  0:31  Drone  
  15  0:40  Spawning Pool  
  15  0:41  Drone  
  15  0:46  Drone  
  16  0:50  Drone  
  16  0:53  Extractor  
  16  0:57  Drone  
  17  1:06  Drone  
  18  1:17  Drone  
  19  1:28  Queen  
  19  1:29  Zergling x2  
  19  1:30  Roach Warren  
  21  1:39  Overlord  
  21  1:49  Drone  
  22  2:00  Overlord  
  22  2:11  Roach  
  24  2:21  Roach  
  26  2:28  Hatchery  
  25  2:32  Drone  
  25  2:34  Roach  
  25  2:35  Roach  
  30  2:40  Roach  
  32  2:45  Roach  
  34  2:54  Overlord  
  34  3:06  Roach  
  34  3:07  Roach  
  40  3:13  Roach x2  
  40  3:18  Roach  
  44  3:28  Roach  
  46  3:39  Overlord  
  46  3:40  Roach x2  
  50  3:43  Zergling x2  
  50  4:13  Zergling x2  
  50  4:16  Extractor  
  50  4:18  Extractor  
  50  4:19  Drone  
  50  4:22  Drone  
  51  4:26  Drone  
Tags
 
Add a new tag
Caveats
  • Supply blocks, unpowered buildings, or Contaminate may cause inaccurate times.
  • Supply counts are checked every 10 seconds.